[Event "Titled Tuesday Blitz June 27 Early 2023"]
[White "arenal72"]
[Black "Ahmad, Khagan"]
[BlackFideId "13431552"]
[WhiteElo "2382"]
[BlackElo "2620"]
[Result "0-1"]
[Round "9"]
[TimeControl "180+2"]
[Date "2023.06.27"]
[WhiteClock "0:00:00"]
[BlackClock "0:00:02"]
[Board "67"]

1. e4 c5 2. Nf3 d6 3. d4 cxd4 4. Nxd4 Nf6 5. Nc3 a6 6. Be2 e5 7. Nb3 Be7 8. O-O O-O 9. Be3 Be6 10. a4 Nc6 11. Bf3 Nb4 12. a5 Rc8 13. Qd2 d5 14. exd5 Nbxd5 15. Nxd5 Bxd5 16. Bxd5 Qxd5 17. Rfd1 Qe6 18. Qe2 Nd5 19. Rd2 Bb4 20. Rd3 e4 21. Rd4 Be7 22. Rad1 Nb4 23. Na1 Nc6 24. Rd5 f5 25. f4 Nb4 26. Re5 Qf6 27. Bd4 Nc6 28. Nb3 Nxe5 29. Bxe5 Qe6 30. Nd4 Bc5 31. b4 Bxd4+ 32. Rxd4 Rfd8 33. c3 Rxd4 34. Bxd4 Qc4 35. Qe1 Qd3 36. h3 e3 37. Bxe3 Re8 38. Kf2 Kf7 39. Qd2 Qxd2+ 40. Bxd2 Ke6 41. Be3 Kd5 42. Bd4 g6 43. Kf3 Re4 44. g4 Kc4 45. gxf5 gxf5 46. Be5 Kd3 47. Kg3 Re3+ 48. Kh4 Ke4 49. c4 Rb3 50. Bd6 Rc3 51. c5 Rb3 52. Kg5 Rxh3 53. Kf6 Rb3 54. Kg5 Rb1 55. Kh5 Rh1+ 56. Kg5 h6+ 57. Kg6 h5 58. Kg5 h4 59. Kh5 h3 60. Kh4 Kf3 61. Be5 h2 62. Kh3 Rb1 63. Kxh2 Rxb4 64. Kh3 Rb5 65. Bd6 Rxa5 66. Kh4 Rb5 67. Kg5 Ke4 68. Kf6 a5 69. Ke6 a4 70. Be7 a3 71. c6 a2 72. c7 Rb6+ 73. Kd7 a1=Q 74. c8=Q Qa4+ 0-1


[Site "https://www.chess.com"]

[Event "Titled Tuesday Blitz June 27 Early 2023"]
[White "Davidson, Kevin"]
[Black "Girya, Olga"]
[WhiteFideId "2056810"]
[BlackFideId "4195752"]
[WhiteElo "2353"]
[BlackElo "2612"]
[Result "0-1"]
[Round "9"]
[TimeControl "180+2"]
[Date "2023.06.27"]
[WhiteClock "0:00:00"]
[BlackClock "0:00:15"]
[Board "68"]

1. e4 e5 2. Nf3 Nc6 3. Bb5 a6 4. Ba4 Nf6 5. O-O Nxe4 6. d4 b5 7. Bb3 d5 8. dxe5 Be6 9. c3 Be7 10. Nbd2 Nc5 11. Bc2 d4 12. Nb3 d3 13. Bb1 Nxb3 14. axb3 Bf5 15. Re1 O-O 16. b4 Qd7 17. Bf4 Rfd8 18. Qd2 a5 19. bxa5 Nxa5 20. Ba2 Nc4 21. Bxc4 bxc4 22. Nd4 Be6 23. Be3 Bd5 24. b3 cxb3 25. Qxd3 Rxa1 26. Rxa1 Qg4 27. Qf1 c5 28. h3 Qe4 29. Ne2 Bc4 30. Ng3 Bxf1 31. Nxe4 Bd3 32. Nxc5 b2 0-1


[Site "https://www.chess.com"]

[Event "Titled Tuesday Blitz June 27 Early 2023"]
[White "Mayank Chakraborty"]
[Black "Chor, Kevin"]
[WhiteFideId "25659766"]
[BlackFideId "2090740"]
[WhiteElo "2810"]
[BlackElo "2534"]
[Result "1-0"]
[Round "9"]
[TimeControl "180+2"]
[Date "2023.06.27"]
[WhiteClock "0:00:05"]
[BlackClock "0:00:03"]
[Board "69"]

1. d4 Nf6 2. Nc3 d5 3. Bf4 c5 4. e4 Nxe4 5. Nxe4 dxe4 6. dxc5 Qa5+ 7. c3 Qxc5 8. Qa4+ Nc6 9. Qxe4 g6 10. Nf3 Bg7 11. Qe3 Qa5 12. Bh6 O-O 13. Bc4 Bg4 14. Bxg7 Kxg7 15. Nd4 Ne5 16. Be2 Bxe2 17. Qxe2 Rad8 18. O-O e6 19. a4 a6 20. Rfd1 Qc7 21. h4 h5 22. g3 Rd5 23. Re1 Nc4 24. Rad1 Rfd8 25. b3 Na5 26. Qf3 Kg8 27. b4 Nc4 28. Kg2 Nb2 29. Rc1 Nxa4 30. Qf6 Nxc3 31. Nxe6 fxe6 32. Rxc3 Qf7 33. Rxe6 Qxf6 34. Rxf6 R5d6 35. Rxd6 Rxd6 36. Rc8+ Kf7 37. Rc7+ Kf6 38. Rxb7 Rd4 39. Rb6+ Kf5 40. f3 Rd2+ 41. Kf1 Rb2 42. Ke1 g5 43. hxg5 Kxg5 44. Rxa6 Rxb4 45. Ra5+ Kg6 46. Kf2 Rb3 47. Kg2 Rc3 48. Re5 Rd3 49. f4 Rc3 50. Kh3 Rc1 51. Re6+ Kf5 52. Rh6 Ke4 53. Rxh5 Kf3 54. Kh4 Rh1+ 55. Kg5 Rg1 56. Rh3 Kg2 57. Rh7 Kxg3 58. f5 Ra1 59. Rb7 Ra5 60. Rb3+ Kf2 61. Kg6 Ke2 62. f6 Ra6 63. Kg7 Kf2 64. f7 Ra7 65. Kg8 1-0


[Site "https://www.chess.com"]

[Event "Titled Tuesday Blitz June 27 Early 2023"]
[White "slidingknight2775"]
[Black "Gharibyan, Mamikon"]
[BlackFideId "13308300"]
[WhiteElo "2532"]
[BlackElo "2779"]
[Result "0-1"]
[Round "9"]
[TimeControl "180+2"]
[Date "2023.06.27"]
[WhiteClock "0:00:23"]
[BlackClock "0:01:31"]
[Board "70"]

1. d4 e6 2. Nf3 Nf6 3. c4 c5 4. Nc3 cxd4 5. Nxd4 Bb4 6. Qb3 Na6 7. a3 Be7 8. e4 Nc5 9. Qc2 d6 10. Be2 a6 11. Be3 Qc7 12. O-O b6 13. f4 Bb7 14. Bf3 Rc8 15. Qe2 Ncxe4 16. Nxe4 Bxe4 17. Bxe4 Nxe4 18. Qf3 Nf6 19. f5 e5 20. Nb3 O-O 21. Rac1 Qc6 22. Bg5 e4 23. Qh3 d5 24. Bxf6 Bxf6 25. cxd5 Qxd5 26. Rcd1 Qc4 27. Rc1 Qe2 28. Rce1 Qxb2 29. Rxe4 Rc3 30. Rf3 Qxb3 0-1


[Site "https://www.chess.com"]

[Event "Titled Tuesday Blitz June 27 Early 2023"]
[White "Xu, Yi"]
[Black "Liu, Casper"]
[WhiteFideId "8605564"]
[BlackFideId "1454153"]
[WhiteElo "2727"]
[BlackElo "2525"]
[Result "1-0"]
[Round "9"]
[TimeControl "180+2"]
[Date "2023.06.27"]
[WhiteClock "0:01:51"]
[BlackClock "0:00:59"]
[Board "71"]

1. e4 c5 2. Nf3 d6 3. d4 Nf6 4. Nc3 cxd4 5. Nxd4 Nc6 6. Bg5 Bd7 7. Qd2 Rc8 8. f4 Nxd4 9. Qxd4 Qa5 10. O-O-O Rxc3 11. Bxf6 Rc8 12. Bxg7 e5 13. Bxe5 Qxa2 14. Bxh8 Ba4 15. Bd3 d5 16. Qe5+ 1-0


[Site "https://www.chess.com"]

[Event "Titled Tuesday Blitz June 27 Early 2023"]
[White "Mattheii"]
[Black "Panesar Vedant"]
[BlackFideId "35033018"]
[WhiteElo "2525"]
[BlackElo "2722"]
[Result "0-1"]
[Round "9"]
[TimeControl "180+2"]
[Date "2023.06.27"]
[WhiteClock "0:00:06"]
[BlackClock "0:00:56"]
[Board "72"]

1. d4 Nf6 2. c4 g6 3. Nc3 Bg7 4. e4 d6 5. h3 O-O 6. Bg5 Nbd7 7. Bd3 e5 8. d5 Nc5 9. Bc2 Qe8 10. g4 a5 11. Nge2 Nfd7 12. Qd2 Nb6 13. b3 a4 14. O-O f5 15. exf5 gxf5 16. Bxf5 Bxf5 17. gxf5 Rxf5 18. Ng3 Rf3 19. Kg2 Qf7 20. Nce4 Nbd7 21. Qe2 Rf8 22. Be3 Nxe4 23. Nxe4 Qh5 24. Rh1 Qg6+ 25. Ng3 e4 26. h4 Bxa1 27. Rxa1 Ne5 28. h5 Qg4 29. Re1 Rxg3+ 30. fxg3 Rf3 31. Bf2 e3 32. Bxe3 Rxg3+ 33. Kf1 Qh3+ 34. Kf2 Rg2+ 35. Kf1 Qh1+ 36. Bg1 Qxg1# 0-1


[Site "https://www.chess.com"]

[Event "Titled Tuesday Blitz June 27 Early 2023"]
[White "Yelisieiev, Yevhenii"]
[Black "Yuan, Qingyu"]
[WhiteFideId "14139642"]
[BlackFideId "8609772"]
[WhiteElo "2517"]
[BlackElo "2708"]
[Result "0-1"]
[Round "9"]
[TimeControl "180+2"]
[Date "2023.06.27"]
[WhiteClock "0:00:00"]
[BlackClock "0:00:19"]
[Board "73"]

1. d4 Nf6 2. Nf3 d5 3. c4 e6 4. Nc3 c5 5. cxd5 Nxd5 6. e4 Nxc3 7. bxc3 cxd4 8. cxd4 Bb4+ 9. Bd2 Bxd2+ 10. Qxd2 O-O 11. Bc4 Nd7 12. O-O b6 13. d5 Nc5 14. dxe6 Bxe6 15. Bxe6 Nxe6 16. Qb4 Nc5 17. a4 Re8 18. e5 Nd3 19. Qe4 Nc5 20. Qb4 Qc7 21. a5 h6 22. axb6 axb6 23. Rxa8 Rxa8 24. h3 Ra2 25. Qd4 Ne6 26. Qd6 Qc5 27. Qxc5 bxc5 28. Rb1 g5 29. Rb8+ Kg7 30. Rc8 Rc2 31. Kf1 Nf4 32. Rc7 Rc1+ 33. Ne1 Nd3 34. Ke2 Nxe1 35. Kd2 Ra1 36. e6 Nxg2 37. exf7 Ra2+ 38. Kd3 Rxf2 39. f8=Q+ Kxf8 40. Rxc5 Rf3+ 41. Ke4 Rf4+ 42. Ke5 Kg7 43. Rc3 Kg6 44. Rg3 Nh4 45. Ra3 Nf5 46. Rb3 Kh5 47. Ra3 Kh4 48. Kf6 h5 49. Kg6 Ne7+ 50. Kh6 Nf5+ 51. Kg6 Ng3 52. Ra5 Ne4 53. Ra3 Rf6+ 54. Kg7 Re6 55. Kf7 Re5 56. Rb3 Nf2 57. Kf6 Ra5 58. Rb4+ Kxh3 59. Rb3+ Kh4 60. Rb4+ Ng4+ 61. Kg6 Rc5 62. Rb3 Rd5 63. Ra3 Re5 64. Rb3 Ra5 65. Rc3 Ra4 66. Rb3 Rf4 67. Ra3 Ne5+ 68. Kh6 Rf6+ 69. Kg7 Rf7+ 70. Kh6 g4 71. Ra2 Rf5 72. Re2 Nf3 0-1


[Site "https://www.chess.com"]

[Event "Titled Tuesday Blitz June 27 Early 2023"]
[White "Klekowski, Maciej"]
[Black "Gamayev, Oleg"]
[WhiteFideId "1132717"]
[BlackFideId "2802813"]
[WhiteElo "2702"]
[BlackElo "2508"]
[Result "1-0"]
[Round "9"]
[TimeControl "180+2"]
[Date "2023.06.27"]
[WhiteClock "0:01:17"]
[BlackClock "0:01:33"]
[Board "74"]

1. e4 d6 2. Nf3 Nf6 3. Nc3 e5 4. Bb5+ c6 5. Ba4 Be7 6. O-O O-O 7. h3 a5 8. Bb3 Nbd7 9. d4 exd4 10. Nxd4 Nc5 11. Re1 Re8 12. Qf3 Bf8 13. Bg5 Ne6 14. Bxf6 Qxf6 15. Qxf6 gxf6 16. Rad1 Nxd4 17. Rxd4 Be6 18. Kf1 b5 19. a4 Bxb3 20. cxb3 b4 21. Ne2 Re6 22. Ng3 Rae8 23. Rc1 c5 24. Rdc4 Re5 25. f4 R5e7 26. Kf2 Bh6 27. Kf3 Bf8 28. Nf5 Rb7 29. Rd1 Rb6 30. Ne3 Kg7 31. Rd3 h5 32. Nf5+ Kg6 33. g4 hxg4+ 34. hxg4 Rb7 35. Rd1 Rd7 36. Rc2 Red8 37. Rcd2 Rc7 38. Rh1 d5 39. exd5 Rcd7 40. Rdh2 Rxd5 41. Rh6+ Bxh6 42. Rxh6# 1-0


[Site "https://www.chess.com"]

[Event "Titled Tuesday Blitz June 27 Early 2023"]
[White "Zhu, Jiner"]
[Black "Vyatkin, Dmitry"]
[WhiteFideId "8608059"]
[BlackFideId "4171900"]
[WhiteElo "2695"]
[BlackElo "2498"]
[Result "0-1"]
[Round "9"]
[TimeControl "180+2"]
[Date "2023.06.27"]
[WhiteClock "0:00:47"]
[BlackClock "0:00:18"]
[Board "75"]

1. c4 Nf6 2. Nc3 g6 3. e4 d6 4. d4 Bg7 5. f3 O-O 6. Bg5 Nc6 7. Nge2 a6 8. h4 h6 9. Be3 Kh7 10. g4 Nd7 11. Ng3 e5 12. d5 Nd4 13. Bd3 c5 14. h5 g5 15. Bxd4 exd4 16. Nce2 Ne5 17. O-O b5 18. b3 bxc4 19. bxc4 Rb8 20. Nf5 a5 21. Neg3 Rb4 22. a3 Rxc4 23. Bxc4 Nxc4 24. f4 gxf4 25. Rxf4 Be5 26. Rf3 Qg5 27. Rb3 Ne3 28. Nxe3 dxe3 29. Nf5 Bxf5 30. exf5 Bxa1 0-1


[Site "https://www.chess.com"]

[Event "Titled Tuesday Blitz June 27 Early 2023"]
[White "Baches Garcia, Guillermo"]
[Black "Cherniaiev, Tykhon"]
[WhiteFideId "2209764"]
[BlackFideId "14182360"]
[WhiteElo "2493"]
[BlackElo "2692"]
[Result "1/2-1/2"]
[Round "9"]
[TimeControl "180+2"]
[Date "2023.06.27"]
[WhiteClock "0:00:58"]
[BlackClock "0:00:26"]
[Board "76"]

1. e4 e5 2. Nf3 Nc6 3. Nc3 Nf6 4. d4 exd4 5. Nxd4 Bb4 6. Nxc6 bxc6 7. Bd3 d5 8. Bd2 O-O 9. O-O Re8 10. Nxd5 cxd5 11. Bxb4 a5 12. Bc3 d4 13. Bd2 Nxe4 14. Bxe4 Rxe4 15. Re1 Rxe1+ 16. Qxe1 Bf5 17. c3 Bg6 18. cxd4 Qxd4 19. Bc3 Qb6 20. Qe5 Qf6 21. Qxc7 Qg5 22. Re1 h6 23. Qe5 Qxe5 24. Rxe5 a4 25. Ra5 Rxa5 26. Bxa5 Bb1 27. a3 Bc2 28. Bc3 Bb3 29. f4 f6 30. Kf2 Kf7 31. g3 Ke6 32. Bd4 h5 33. Bc3 g6 34. Bd4 Kf5 35. Bc3 Ke6 36. Bd4 Kf5 37. Bc3 Ke6 1/2-1/2


[Site "https://www.chess.com"]

[Event "Titled Tuesday Blitz June 27 Early 2023"]
[White "Khoroshev, Nikita"]
[Black "Yaksin, Oleg"]
[WhiteFideId "14200287"]
[BlackFideId "24105880"]
[WhiteElo "2649"]
[BlackElo "2537"]
[Result "0-1"]
[Round "9"]
[TimeControl "180+2"]
[Date "2023.06.27"]
[WhiteClock "0:00:00"]
[BlackClock "0:00:07"]
[Board "77"]

1. Nf3 d5 2. g3 c6 3. Bg2 Nf6 4. c4 Bf5 5. Qb3 Qb6 6. d3 Qxb3 7. axb3 Nbd7 8. Nc3 e6 9. Nh4 Bg6 10. Nxg6 hxg6 11. h3 Bb4 12. Kd1 Ke7 13. Kc2 Bd6 14. Bd2 Rhc8 15. Rhd1 a5 16. Be1 Ra6 17. e4 dxe4 18. dxe4 e5 19. Bd2 Nc5 20. Be3 Ne6 21. Ne2 Bc5 22. Bxc5+ Nxc5 23. f3 Raa8 24. h4 Ne8 25. Bh3 Rc7 26. b4 Na6 27. bxa5 Nd6 28. Kc3 c5 29. Rd5 f6 30. Rad1 Rd8 31. Nc1 Nb4 32. R5d2 Nc6 33. Nb3 Nd4 34. Bg2 Ra8 35. Ra1 Nf7 36. f4 Nd8 37. fxe5 fxe5 38. Rf2 N8e6 39. Nc1 b5 40. cxb5 Nxb5+ 41. Kc2 c4 42. a6 Ned4+ 43. Kb1 c3 44. Ra4 c2+ 45. Ka2 Rc6 46. Bf1 Rcxa6 47. Bxb5 Rxa4+ 0-1


[Site "https://www.chess.com"]

[Event "Titled Tuesday Blitz June 27 Early 2023"]
[White "Sanhueza, Cristian"]
[Black "Sahib Singh"]
[WhiteFideId "116815"]
[BlackFideId "25618342"]
[WhiteElo "2481"]
[BlackElo "2647"]
[Result "0-1"]
[Round "9"]
[TimeControl "180+2"]
[Date "2023.06.27"]
[WhiteClock "0:00:03"]
[BlackClock "0:01:11"]
[Board "78"]

1. e4 e6 2. d4 d5 3. Nc3 Bb4 4. Ne2 dxe4 5. a3 Bxc3+ 6. Nxc3 Nc6 7. Bf4 Nf6 8. Bb5 O-O 9. Bxc6 bxc6 10. Be5 Ba6 11. Qd2 Nd7 12. Nxe4 Nxe5 13. dxe5 Qd5 14. Qxd5 cxd5 15. Nc5 Bb5 16. a4 Bc6 17. a5 Rfb8 18. b3 Rb5 19. Nd3 d4 20. f3 f6 21. exf6 gxf6 22. Kd2 e5 23. Rhe1 Kf7 24. b4 Bd5 25. Rab1 Rd8 26. Nc5 Rdb8 27. Na6 R8b7 28. Nc5 Rb8 29. Na6 Rc8 30. Kd3 Ba2 31. Rb2 Be6 32. g4 c5 33. Kd2 Rc6 34. Reb1 c4 35. Nc5 c3+ 0-1


[Site "https://www.chess.com"]

[Event "Titled Tuesday Blitz June 27 Early 2023"]
[White "Reprintsev, Alexander"]
[Black "Ganiev, Roman"]
[WhiteFideId "14100541"]
[BlackFideId "4131452"]
[WhiteElo "2470"]
[BlackElo "2597"]
[Result "1-0"]
[Round "9"]
[TimeControl "180+2"]
[Date "2023.06.27"]
[WhiteClock "0:00:10"]
[BlackClock "0:00:02"]
[Board "79"]

1. e4 c5 2. b3 g6 3. Bb2 Nf6 4. e5 Nd5 5. Nc3 Nxc3 6. dxc3 Bg7 7. Qd5 Qc7 8. f4 O-O 9. O-O-O b6 10. h4 Bb7 11. Qd2 h5 12. Nf3 Rd8 13. Ng5 d5 14. g4 d4 15. Bg2 Nc6 16. gxh5 dxc3 17. Qxc3 Nd4 18. Qc4 e6 19. Bxb7 Qxb7 20. hxg6 Rd5 21. gxf7+ Kh8 22. Bxd4 cxd4 23. Nxe6 Rc8 24. Qd3 Qc6 25. Ng5 Qh6 26. Qe4 Rdc5 27. Rh2 a5 28. Rxd4 a4 29. Rd6 Qh5 30. Qxa4 Qg4 31. Qe4 Qg1+ 32. Kb2 Rxc2+ 33. Rxc2 Rxc2+ 34. Qxc2 1-0


[Site "https://www.chess.com"]

[Event "Titled Tuesday Blitz June 27 Early 2023"]
[White "LangesNasenhaar"]
[Black "Nozdrachev, Leonid"]
[BlackFideId "24113433"]
[WhiteElo "2466"]
[BlackElo "2578"]
[Result "0-1"]
[Round "9"]
[TimeControl "180+2"]
[Date "2023.06.27"]
[WhiteClock "0:00:00"]
[BlackClock "0:00:01"]
[Board "80"]

1. d4 Nf6 2. Nc3 d5 3. Bf4 e6 4. Nb5 Bb4+ 5. c3 Ba5 6. b4 Bb6 7. a4 a5 8. e3 O-O 9. Bd3 Ne4 10. Ne2 Nc6 11. Bxe4 dxe4 12. bxa5 Nxa5 13. O-O Bd7 14. Qc2 Nc4 15. Ng3 f5 16. Na3 Bxa4 17. Qe2 Nxa3 18. Rxa3 Qd7 19. Qa2 Ra6 20. Ra1 Rfa8 21. Nxf5 Bc6 22. Qb2 exf5 23. Rxa6 Rxa6 24. Rb1 Qd5 25. Be5 Ra2 26. Qb4 Kf7 27. h4 Ba5 28. Qb3 Qxb3 29. Rxb3 Ra1+ 30. Kh2 g6 31. c4 Rc1 32. d5 Bd7 33. Rxb7 Rxc4 34. d6 Ke6 35. dxc7 Kxe5 36. c8=Q Bxc8 37. Rb5+ Kf6 38. Rxa5 Be6 39. Kg3 Rc6 40. Ra7 Rd6 41. Rxh7 Bf7 42. Rh8 Kg7 43. Rb8 Kf6 44. Kf4 Rd2 45. Kg3 g5 46. Rb6+ Be6 47. hxg5+ Ke5 48. g6 Rd7 49. Kh4 Kf6 50. Kh5 Rd8 51. g7 Rg8 52. Kh6 Kf7 53. Rb7+ Kf6 54. Kh7 Re8 55. Rc7 Bf7 0-1


[Site "https://www.chess.com"]

[Event "Titled Tuesday Blitz June 27 Early 2023"]
[White "Andreev, Konstantin"]
[Black "Zavgorodniy, Sergiy"]
[WhiteFideId "24239305"]
[BlackFideId "14110148"]
[WhiteElo "2436"]
[BlackElo "2578"]
[Result "0-1"]
[Round "9"]
[TimeControl "180+2"]
[Date "2023.06.27"]
[WhiteClock "0:00:07"]
[BlackClock "0:02:21"]
[Board "81"]

1. e4 c6 2. d4 d5 3. e5 Bf5 4. Nf3 e6 5. Be2 Nd7 6. O-O a6 7. a4 f6 8. exf6 Ngxf6 9. Nh4 Bd6 10. Nxf5 exf5 11. Bd3 g6 12. Re1+ Kf7 13. c4 Qc7 14. h3 Rae8 15. Rxe8 Rxe8 16. c5 Bf4 17. Nc3 Ne4 18. Ne2 Bxc1 19. Rxc1 Ndf6 20. f3 Ng3 21. Qd2 Nxe2+ 22. Bxe2 Qg3 23. Bd3 Nh5 24. Kf1 Nf4 25. b4 Qh2 0-1


[Site "https://www.chess.com"]

[Event "Titled Tuesday Blitz June 27 Early 2023"]
[White "Aloma Vidal, Robert"]
[Black "Itkis, Boris"]
[WhiteFideId "2260409"]
[BlackFideId "1209167"]
[WhiteElo "2571"]
[BlackElo "2440"]
[Result "1-0"]
[Round "9"]
[TimeControl "180+2"]
[Date "2023.06.27"]
[WhiteClock "0:00:56"]
[BlackClock "0:01:00"]
[Board "82"]

1. e4 e6 2. d4 d5 3. e5 c5 4. c3 Nc6 5. Nf3 Qb6 6. Be2 cxd4 7. cxd4 Nh6 8. Bxh6 Qxb2 9. Nc3 Qxc3+ 10. Bd2 Qa3 11. O-O Bb4 12. Rb1 O-O 13. Rb3 Qa5 14. Rxb4 Nxb4 15. Qb1 Qxa2 16. Qxb4 a5 17. Qe7 a4 18. Bd3 h6 19. Bb4 Bd7 20. Qxd7 Qb3 21. Bxf8 Qxd3 22. Bd6 a3 23. Qxb7 Ra6 24. h3 a2 25. Qb2 Qxf1+ 26. Kxf1 a1=Q+ 27. Qxa1 Rxa1+ 28. Ke2 Ra2+ 29. Ke3 Ra3+ 30. Bxa3 1-0


[Site "https://www.chess.com"]

[Event "Titled Tuesday Blitz June 27 Early 2023"]
[White "TomLiu777"]
[Black "profedechess93"]
[WhiteElo "2423"]
[BlackElo "2567"]
[Result "1-0"]
[Round "9"]
[TimeControl "180+2"]
[Date "2023.06.27"]
[WhiteClock "0:00:30"]
[BlackClock "0:00:08"]
[Board "83"]

1. b3 d5 2. Bb2 Nf6 3. e3 c5 4. f4 a6 5. Nf3 Bg4 6. Be2 Bxf3 7. Bxf3 Nc6 8. O-O e6 9. d3 Qc7 10. Nd2 O-O-O 11. Qe2 Be7 12. c4 d4 13. Bxc6 Qxc6 14. e4 h5 15. Nf3 Ng4 16. Ne5 Nxe5 17. fxe5 Rdf8 18. b4 Qc7 19. bxc5 Bxc5 20. Bc1 Be7 21. Rb1 g5 22. Qb2 Bc5 23. Bxg5 Rhg8 24. h4 b6 25. a4 a5 26. Qb5 Rg6 27. Rf2 Bb4 28. Qa6+ Kb8 29. Rbf1 Bc5 30. Qb5 Ka7 31. Qb1 Qd7 32. Qd1 Rg7 33. Bh6 Rgg8 34. Bxf8 Rxf8 35. Qxh5 Qxa4 36. Rxf7+ Rxf7 37. Qxf7+ Ka6 38. Qxe6 1-0


[Site "https://www.chess.com"]

[Event "Titled Tuesday Blitz June 27 Early 2023"]
[White "Dishman, Stephen"]
[Black "Arat, Ufuk Sezen"]
[WhiteFideId "403024"]
[BlackFideId "6309089"]
[WhiteElo "2378"]
[BlackElo "2557"]
[Result "0-1"]
[Round "9"]
[TimeControl "180+2"]
[Date "2023.06.27"]
[WhiteClock "0:00:17"]
[BlackClock "0:01:44"]
[Board "84"]

1. c4 e6 2. g3 d5 3. Nf3 Nf6 4. d4 c5 5. cxd5 cxd4 6. Bg2 exd5 7. O-O Nc6 8. Nxd4 Bc5 9. Nb3 Bb6 10. Nc3 Be6 11. Bg5 O-O 12. Bxf6 Qxf6 13. Nxd5 Qxb2 14. Nxb6 axb6 15. Qc1 Rxa2 16. Rxa2 Qxa2 17. Nd2 Rd8 18. Rd1 Nd4 19. Bf1 h5 20. Qc7 Nc6 21. Qf4 Qc2 0-1


[Site "https://www.chess.com"]

[Event "Titled Tuesday Blitz June 27 Early 2023"]
[White "Degenbaev, Aziz"]
[Black "Romero Ruscalleda, Josep"]
[WhiteFideId "13802640"]
[BlackFideId "2231859"]
[WhiteElo "2553"]
[BlackElo "2373"]
[Result "1-0"]
[Round "9"]
[TimeControl "180+2"]
[Date "2023.06.27"]
[WhiteClock "0:00:09"]
[BlackClock "0:00:01"]
[Board "85"]

1. e4 g6 2. d4 Bg7 3. Nc3 d6 4. f4 a6 5. Nf3 b5 6. Bd3 Nd7 7. e5 Nh6 8. Qe2 Nb6 9. a4 b4 10. Ne4 O-O 11. O-O Bb7 12. a5 Nd5 13. Neg5 e6 14. Bd2 c5 15. dxc5 dxc5 16. Ne4 Qc7 17. Nd6 Ne7 18. Ng5 Nhf5 19. Nge4 Nd4 20. Qf2 Nef5 21. Nxb7 Qxb7 22. Nxc5 Qc6 23. Bxb4 Rab8 24. c3 Nb5 25. Be4 Qc8 26. Rad1 Nc7 27. Nd7 Rxb4 28. cxb4 Rd8 29. Nb6 Qb8 30. Qc5 Bf8 31. Qc6 Ne3 32. Rxd8 Qxd8 33. Qd7 Qxd7 34. Nxd7 Nxf1 35. Kxf1 Bxb4 36. Bb7 Bxa5 37. Nc5 Kf8 38. Nxa6 Nb5 39. Nc5 Nd4 40. g3 Ke7 41. Nd3 Nc2 42. Ke2 Kd7 43. Kd1 Ne3+ 44. Ke2 Nc4 45. b4 Bb6 46. Be4 Na3 47. Nc5+ Ke7 48. Bd3 Kd8 49. Kd2 Kc7 50. Kc3 Bxc5 51. bxc5 Kc6 52. Kb4 Nb1 53. Bxb1 1-0


[Site "https://www.chess.com"]

[Event "Titled Tuesday Blitz June 27 Early 2023"]
[White "Rosenberg, Evan S"]
[Black "chess123456s"]
[WhiteFideId "2019299"]
[WhiteElo "2362"]
[BlackElo "2553"]
[Result "0-1"]
[Round "9"]
[TimeControl "180+2"]
[Date "2023.06.27"]
[WhiteClock "0:00:51"]
[BlackClock "0:01:59"]
[Board "86"]

1. d4 d5 2. Nf3 Nf6 3. Bg5 Ne4 4. Bh4 h5 5. Nfd2 g5 6. Bg3 h4 7. Be5 f6 8. f3 Nxd2 9. Qxd2 Bh6 10. Qd3 Kf7 11. Nc3 Nc6 12. O-O-O fxe5 13. dxe5 Be6 14. e4 d4 15. Nb5 a6 16. Nxd4 Nxd4 17. Qxd4 Qxd4 18. Rxd4 Bg7 19. Rb4 b6 20. Bc4 Bxc4 21. Rxc4 Bxe5 22. h3 Bf4+ 23. Kb1 Rhd8 24. a4 Rd2 25. Rg1 Rad8 26. Ka2 R8d4 27. Rxd4 Rxd4 28. b3 Rd2 29. Kb2 Bh2 30. Rh1 Rxg2 31. Kc3 Be5+ 32. Kc4 Rxc2+ 33. Kd5 Rc5# 0-1


[Site "https://www.chess.com"]

[Event "Titled Tuesday Blitz June 27 Early 2023"]
[White "Blokhin, Sofia"]
[Black "Adla, Diego"]
[WhiteFideId "4508190"]
[BlackFideId "100072"]
[WhiteElo "2329"]
[BlackElo "2540"]
[Result "0-1"]
[Round "9"]
[TimeControl "180+2"]
[Date "2023.06.27"]
[WhiteClock "0:00:00"]
[BlackClock "0:00:07"]
[Board "87"]

1. d4 Nf6 2. c4 e6 3. Nc3 Bb4 4. f3 Nc6 5. a3 Bxc3+ 6. bxc3 b6 7. e4 Ba6 8. Bd3 Na5 9. Qe2 Ng8 10. Nh3 Ne7 11. O-O Rc8 12. a4 c5 13. d5 O-O 14. f4 Nb3 15. Rb1 Nxc1 16. Rbxc1 exd5 17. cxd5 Bxd3 18. Qxd3 d6 19. c4 f6 20. f5 Qd7 21. Nf4 Qxa4 22. Ne6 Rf7 23. Ra1 Qd7 24. Ra6 Rb8 25. Rfa1 Rb7 26. g4 g5 27. fxg6 hxg6 28. g5 f5 29. exf5 Nxf5 30. Rf1 Ng7 31. Qxg6 Rxf1+ 32. Kxf1 Qf7+ 33. Qf6 Nh5 34. Qxf7+ Rxf7+ 35. Ke1 Nf4 36. Nd8 Re7+ 37. Kd1 Nd3 38. Nc6 Rg7 39. h4 Nb2+ 40. Kc2 Nxc4 41. Rxa7 Ne3+ 42. Kd3 Nxd5 43. Ra8+ Kh7 44. Rd8 Nf4+ 45. Ke3 Ng2+ 46. Ke4 Nxh4 47. Rxd6 Rxg5 48. Kf4 Rg7 49. Nd8 Ng6+ 50. Ke3 Ne7 51. Ne6 Rg3+ 52. Kf4 Kg8 53. Kxg3 Nf5+ 54. Kf4 Nxd6 55. Ke5 Nb7 56. Kd5 Na5 57. Nc7 Kf7 58. Nb5 Ke7 59. Nd6 Kd7 0-1


[Site "https://www.chess.com"]

[Event "Titled Tuesday Blitz June 27 Early 2023"]
[White "Zuriel, Marisa"]
[Black "Jovic, Stanoje"]
[WhiteFideId "109142"]
[BlackFideId "905020"]
[WhiteElo "2326"]
[BlackElo "2489"]
[Result "0-1"]
[Round "9"]
[TimeControl "180+2"]
[Date "2023.06.27"]
[WhiteClock "0:00:33"]
[BlackClock "0:00:30"]
[Board "88"]

1. e4 c6 2. d4 d5 3. e5 c5 4. dxc5 e6 5. a3 Bxc5 6. b4 Bb6 7. Bd3 Ne7 8. Qg4 Ng6 9. Bb2 Nc6 10. Nf3 Qc7 11. O-O O-O 12. Re1 Bd7 13. Bxg6 fxg6 14. Nbd2 Ne7 15. c4 h5 16. Qg5 Qd8 17. c5 Bc7 18. Nd4 Kh7 19. N2f3 Nf5 20. Qxd8 Bxd8 21. Rad1 g5 22. Nxf5 Rxf5 23. Nd4 Rf7 24. Rd3 Rc8 25. Rc1 g4 26. h3 Bg5 27. hxg4 Bxc1 28. Bxc1 b6 29. Nb3 Ba4 30. gxh5 Bxb3 31. Rxb3 bxc5 32. bxc5 Rxc5 33. Be3 Rc4 34. g3 d4 35. Bg5 Rc3 36. Rb4 Rd7 37. Kf1 Rxa3 38. Rb8 d3 39. Re8 d2 40. Bxd2 Rxd2 41. Rxe6 Rf3 0-1


[Site "https://www.chess.com"]

[Event "Titled Tuesday Blitz June 27 Early 2023"]
[White "Howell, David W L"]
[Black "Kielinkei"]
[WhiteFideId "410608"]
[WhiteElo "2999"]
[BlackElo "2470"]
[Result "1-0"]
[Round "9"]
[TimeControl "180+2"]
[Date "2023.06.27"]
[WhiteClock "0:00:24"]
[BlackClock "0:00:00"]
[Board "89"]

1. e4 c5 2. Nf3 e6 3. Bd3 Nc6 4. O-O d5 5. exd5 exd5 6. Re1+ Be7 7. Bb5 Nf6 8. Ne5 Qc7 9. Qe2 Be6 10. d4 O-O 11. Bxc6 bxc6 12. Bf4 Qc8 13. dxc5 Bxc5 14. Nd2 Re8 15. h3 Nd7 16. Qf3 Bd4 17. c3 Bxe5 18. Bxe5 Nxe5 19. Rxe5 Qc7 20. Rae1 Re7 21. Qg3 Rae8 22. Nf3 h6 23. b4 Qd8 24. Nd4 Bd7 25. a3 Rxe5 26. Rxe5 Rxe5 27. Qxe5 Qe8 28. Qxe8+ Bxe8 29. f4 g6 30. Kf2 Kf8 31. Ke3 Ke7 32. Nb3 Kd6 33. Kd4 Bd7 34. h4 h5 35. g3 Bc8 36. Nd2 Bg4 37. Nf1 Bc8 38. Ne3 Bd7 39. Nd1 Bc8 40. Nf2 Bd7 41. Nd3 Bc8 42. Ne5 Be6 43. Nf3 Bc8 44. Nd2 Be6 45. Nb3 Bc8 46. a4 Bd7 47. Na5 Bc8 48. c4 dxc4 49. Nxc4+ Kc7 50. Kc5 Be6 51. Ne5 1-0


[Site "https://www.chess.com"]